AoeStats
← Navi AoE

Arabia

510037240Analyzed
3v3 RM · 3d ago on Sep 29, 2026· 43m 18s· 6 players
Game mode
Random Map
Map size
Normal (6 player)
Population
200
Speed
Normal
Resources
Standard
Victory
Conquest
Starting age
Dark Age
Ending age
Imperial Age
RankedLock teamsTeams togetherTeam positionsShared explorationLock speedFull tech treeHidden civsTurbo modeCheats
Victory
Defeat
🇲🇽 Burmese · Mexico
1135
+12
🇭🇰 Poles · Hong Kong SAR China
1114
+13
🇵🇪 Persians · Peru
1082
+14
🇨🇱 Shu · Chile
1065
-14
🇦🇷 Saracens · Argentina
1056
-13
🇦🇷 Malay · Argentina
1021
-12
Navi AoE
7:33 Loom
9:47 Feudal Age
12:01 Scale Barding Armor
16:59 Forging
17:38 Bloodlines
22:03 Castle Age
20:20 Horse Collar
21:19 Wheelbarrow
21:37 Gold Mining
22:55 Husbandry
23:17 Chain Barding Armor
24:59 Iron Casting
26:15 Heavy Plow
28:23 Gold Shaft Mining
27:35 Double-Bit Axe
33:24 Hand Cart
33:00 Town Watch
35:01 Bow Saw
37:29 Imperial Age
38:24 Cavalier
39:41 Plate Barding Armor
40:05 Crop Rotation
40:37 Two-Man Saw
40:39 Blast Furnace
40:00 Heavy Camel Rider
41:43 Savar
大润发杀鱼20年
8:33 Loom
10:31 Feudal Age
11:44 Horse Collar
11:51 Double-Bit Axe
18:52 Gold Mining
20:02 Man-at-Arms
24:23 Castle Age
23:04 Scale Barding Armor
24:26 Bloodlines
24:27 Light Cavalry
27:17 Heavy Plow
27:30 Bow Saw
28:34 Stone Mining
29:54 Stone Shaft Mining
30:12 Forging
31:03 Wheelbarrow
31:40 Pikeman
32:22 Squires
32:28 Husbandry
34:27 Hand Cart
40:21 Imperial Age
37:44 Town Watch
38:58 Arson
39:52 Iron Casting
39:37 Chain Barding Armor
39:19 Scale Mail Armor
41:44 Crop Rotation
41:38 Conscription
42:29 Chain Mail Armor
43:15 Blast Furnace
42:05 Elite Obuch
42:51 Winged Hussar
harry_mas0n
13:36 Feudal Age
12:22 Loom
14:02 Man-at-Arms
19:07 Wheelbarrow
22:51 Castle Age
21:41 Fletching
22:44 Padded Archer Armor
24:59 Crossbowman
25:40 Bodkin Arrow
32:19 Horse Collar
34:02 Gold Mining
35:30 Squires
34:51 Pikeman
37:04 Hand Cart
36:36 Town Watch
38:10 Scale Mail Armor
38:23 Forging
39:15 Chain Mail Armor
40:48 Gold Shaft Mining
43:51 Imperial Age
42:50 Iron Casting
43:41 Heavy Plow
43:34 Stone Mining
43:06 Long Swordsman
43:32 Gambesons
C4$TL3 a0e
8:11 Loom
10:15 Feudal Age
14:34 Castle Age
13:40 Stone Mining
13:37 Double-Bit Axe
18:46 Bloodlines
26:48 Scale Barding Armor
26:53 Forging
26:35 Horse Collar
29:35 Forging
30:48 Wheelbarrow
31:13 Wheelbarrow
33:14 Chain Barding Armor
33:59 Husbandry
34:35 Hand Cart
35:19 Hand Cart
37:43 Iron Casting
37:53 Bow Saw
D4zai
9:55 Feudal Age
15:20 Castle Age
15:15 Loom
30:26 Forging
38:16 Horse Collar
El_Ricciaoe
4:43 Loom
12:24 Feudal Age
12:54 Double-Bit Axe
13:12 Gold Mining
20:07 Horse Collar
22:43 Fletching
24:13 Padded Archer Armor
26:18 Wheelbarrow
29:00 Scale Mail Armor
33:04 Forging
35:05 Castle Age
35:20 Crossbowman
35:56 Bodkin Arrow
35:31 Pikeman
36:26 Bow Saw
37:43 Squires
38:33 Gold Shaft Mining
38:01 Heavy Plow
38:13 Stone Mining
38:15 Town Watch
38:48 Leather Archer Armor
40:16 Hand Cart
40:09 Thumb Ring
40:25 Chain Mail Armor
Connection lost

Rejoining the realm…

Still unreachable

The connection could not be restored.

Session expired

The server has moved on; the page needs a fresh start.